 Dungeon Crawl Stone Soup version 0.24.0-13-gcf9b319 (webtiles) character file.

Game seed: 15753379656360895992, levelgen mode: deterministic

7667 Birdy the Fighter (level 10, -3/141 HPs)
             Began as a Pale Draconian Gladiator on Dec 9, 2019.
             Was a Priest of Sif Muna.
             Slain by an ettin
             ... wielding a +0 dire flail
              (25 damage)
             ... on level 1 of the Orcish Mines.
             The game lasted 00:29:25 (11160 turns).

Birdy the Fighter (Pale Draconian Gladiator)       Turns: 11160, Time: 00:29:26

Health: -3/141     AC:  7    Str: 27    XL:     10   Next: 99%
Magic:  0/9        EV: 18    Int:  9    God:    Sif Muna [***...]
Gold:   815        SH:  0    Dex: 12    Spells: 9/9 levels left

rFire    . . .     SeeInvis .     - Unarmed
rCold    + . .     Gourm    .   (no shield)
rNeg     . . .     Faith    .   (armour unavailable)
rPois    +         Spirit   +   a - +0 hat
rElec    .         Reflect  .   (no cloak)
rCorr    .         Harm     .   (no gloves)
MR       .....                  (no boots)
Stlth    ..........             i - amulet of guardian spirit
HPRegen  0.33/turn              o - +1 ring of evasion
MPRegen  0.11/turn              k - ring of protection from cold

@: mighty, berserking, short of breath, very quick
A: breathe steam, unfitting armour, low mp 1, poison resistance, strong 1,
cold-blooded, AC +7
a: Breathe Steam, Channel Magic, Forget Spell, Renounce Religion


You were on level 1 of the Orcish Mines.
You worshipped Sif Muna.
Sif Muna was most pleased with you.
You were not hungry.

You visited 3 branches of the dungeon, and saw 11 of its levels.
You also visited: Sewer and Ossuary.

You collected 815 gold pieces.

Inventory:

Missiles
 g - 59 bolts
 H - 2 throwing nets (quivered)
Armour
 a - a +0 hat (worn)
Jewellery
 i - an amulet of guardian spirit (around neck)
 k - a ring of protection from cold (right hand)
 o - a +1 ring of evasion (left hand)
 v - an uncursed ring of poison resistance
Wands
 t - a wand of flame (36)
 z - a wand of iceblast (4)
 A - a wand of digging (5)
 E - a wand of random effects (30)
Scrolls
 b - 3 scrolls of teleportation
 j - a scroll of magic mapping
 l - 3 scrolls of remove curse
 p - 2 scrolls of immolation
 s - a scroll of enchant armour
 w - 2 scrolls of amnesia
 y - a scroll of noise {unknown}
 F - 2 scrolls of enchant weapon
Potions
 d - a potion of might
 f - 2 potions of flight
 h - 4 potions of haste
 m - 9 potions of curing
 n - 2 potions of resistance
 q - a potion of cancellation
 r - a potion of invisibility
 u - 5 potions of brilliance
 B - 2 potions of degeneration {unknown}
 D - 2 potions of magic
 G - a potion of lignification {unknown}
Comestibles
 c - 16 rations


   Skills:
 + Level 10.8 Fighting
 - Level 1.7 Throwing
 + Level 9.4 Dodging
 + Level 10.3 Unarmed Combat


You had 9 spell levels left.
You didn't know any spells.
Your spell library contained the following spells:

 Spells                   Type           Power        Failure   Level  Hunger
 Beastly Appendage        Tmut           #.....       38%         1    ##.....
 Corona                   Hex            #......      38%         1    ##.....
 Flame Tongue             Conj/Fire      #....        38%         1    ##.....
 Ensorcelled Hibernation  Hex/Ice        #.....       52%         2    ###....
 Sticks to Snakes         Tmut           #.......     52%         2    ###....
 Throw Flame              Conj/Fire      #.....       52%         2    ###....
 Throw Frost              Conj/Ice       #.....       52%         2    ###....
 Confuse                  Hex            #.......     77%         3    ####...
 Dazzling Spray           Conj/Hex       #.....       77%         3    ####...
 Spider Form              Tmut/Pois      #.........   77%         3    ####...
 Tukima's Dance           Hex            #.......     77%         3    ####...
 Ice Form                 Ice/Tmut       #.......     99%         4    #####..
 Blade Hands              Tmut           #.........   100%        5    ######.


Dungeon Overview and Level Annotations

Branches:
Dungeon (9/15)             Temple (1/1) D:7             Orc (1/2) D:9
  Sewer (visited)         Ossuary (visited)
   Lair: D:8-11

Altars:
Ashenzari
Cheibriados
Dithmenos
Elyvilon
Fedhas
Gozag
Hepliaklqana
Kikubaaqudgha
Nemelex Xobeh
Okawaru
Qazlal
Ru
Sif Muna
Trog
Uskayaw
Vehumet
Wu Jian
Xom
Yredelemnul
The Shining One
Lugonu

Shops:
D:9 !

Annotations:
D:3 Ijyb


Innate Abilities, Weirdness & Mutations

You can breathe blasts of scalding, opaque steam.
Your pale cyan-grey scales are hard. (AC +7)
You cannot fit into any form of body armour.
You are cold-blooded and may be slowed by cold attacks.
Your magical capacity is low. (-10% MP)
Your system is resistant to poisons. (rPois)
Your muscles are strong. (Str +2)


Message History

You have got your breath back.
Press: ? - help, Shift-Dir - straight line, f - ettin
Aim: an ettin, wielding two +0 dire flails (heavily wounded)
You exhale a blast of scalding steam.
The ball of steam hits the ettin.
The ettin is heavily wounded.
The ball of steam hits the orc!
You kill the orc!
Sif Muna accepts your kill.
You feel slightly more hungry. The ettin completely misses you.
The ettin hits you with a +0 dire flail!!
* * * LOW HITPOINT WARNING * * *
Items here: )))) [[[ †† The orc priest is engulfed in a cloud of scalding steam.
Okay, then.
Okay, then.
Okay, then.
A red film seems to cover your vision as you go berserk!
You feel yourself moving faster!
You feel mighty!
The ettin hits you with a +0 dire flail!!
You die...

#.##).§§#........#.##
#).§.#....#.#.....#
###)§.)...#.##.....##
##.o##.........#.....#
#..).###.#.#......^.#.
##..## #######)#......
#..o## ### ##.......
##..C## ##.####)......
##..@# #...#.##......
#....####.....##.....
##....##...........#.
#.....##..>........#.
#....................
##.#.................
#........#...#...#...
##..........#.......#
##..............>...


You could see an ettin and an orc priest.

Vanquished Creatures
  2 two-headed ogres
  An orc high priest (Orc:1)
  Pikel (D:9)
  A troll (Orc:1)
  2 hippogriffs (D:7)
  A wyvern (D:9)
  A steam dragon (D:7)
  A soldier ant (D:9)
  10 orc warriors
  4 slaves (D:9)
  An ice beast (D:6)
  2 phantoms
  2 sky beasts
  4 ogres
  A centaur (D:5)
  A big kobold (Sewer)
  3 bullfrogs
  An elf zombie (Ossuary)
  2 gnoll sergeants
  2 scorpions (D:9)
  6 killer bees (D:9)
  A howler monkey (D:6)
  6 hounds
  6 human zombies (Ossuary)
  A quasit (D:6)
  6 centaur zombies
  A jelly (D:9)
  3 orc priests
  A bullfrog skeleton (D:5)
  A gnoll shaman (D:4)
  7 orc wizards
  Jessica (D:3)
  An iguana (D:8)
  6 worker ants
  3 mummies (Ossuary)
  A worker ant zombie (D:5)
  14 gnolls
  A howler monkey skeleton (D:4)
  9 adders
  8 river rats (Sewer)
  A shadow imp (D:6)
  3 oozes
  3 adder skeletons
  2 worms
  3 dart slugs
  3 leopard geckos
  61 orcs
  4 giant cockroaches
  3 goblins
  7 hobgoblins
  14 jackals
  5 quokkas
  8 ball pythons
  7 bats
  4 frilled lizards
  22 kobolds
  A leopard gecko skeleton (D:4)
  23 rats
300 creatures vanquished.

Vanquished Creatures (others)
  An orc wizard (D:6)
1 creature vanquished.

Grand Total: 301 creatures vanquished

Notes
Turn   | Place    | Note
-------+----------+-------------------------------------------
     0 | D:1      | Birdy the Draconian Gladiator began the quest for the Orb.
     0 | D:1      | Reached XP level 1. HP: 17/17 MP: 1/1
   489 | D:1      | Reached XP level 2. HP: 25/25 MP: 2/2
  1148 | D:1      | Gained mutation: Your system is resistant to poisons.
                  | (rPois) [potion of mutation]
  1148 | D:1      | Gained mutation: Your magical capacity is low. (-10% MP)
                  | [potion of mutation]
  1148 | D:1      | Gained mutation: Your muscles are strong. (Str +2) [potion
                  | of mutation]
  1482 | D:2      | Reached XP level 3. HP: 30/30 MP: 2/2
  2182 | D:3      | Noticed a hippogriff
  2577 | D:3      | Found a blossoming altar of Fedhas.
  2631 | D:3      | Reached XP level 4. HP: 37/38 MP: 3/3
  2810 | D:3      | Noticed Jessica
  2819 | D:3      | Killed Jessica
  2836 | D:3      | Noticed Ijyb
  3161 | D:4      | Reached XP level 5. HP: 14/46 MP: 1/4
  3792 | D:4      | Reached XP level 6. HP: 45/53 MP: 3/5
  3852 | D:4      | Found a shimmering altar of Xom.
  3852 | D:4      | Found a shadowy altar of Dithmenos.
  3855 | D:4      | Found a sacrificial altar of Ru.
  4343 | D:5      | Entered Level 5 of the Dungeon
  4343 | D:5      | Noticed a sky beast
  4360 | D:5      | Killed a sky beast
  4360 | D:5      | Reached skill level 5 in Fighting
  4360 | D:5      | Reached skill level 5 in Unarmed Combat
  4406 | D:5      | Found a sand-covered staircase.
  4429 | Ossuary  | Entered an ossuary
  4459 | Ossuary  | Your scales start taking on a pale cyan-grey colour.
  4459 | Ossuary  | Reached XP level 7. HP: 36/61 MP: 3/6
  4702 | Ossuary  | Reached skill level 5 in Dodging
  5238 | D:5      | Reached XP level 8. HP: 20/70 MP: 1/7
  5619 | D:5      | Found a radiant altar of Vehumet.
  5906 | D:6      | Found a hide-covered altar of Uskayaw.
  5935 | D:6      | Noticed a -3 hand axe
  5935 | D:6      | Noticed a +0 dagger
  6264 | D:6      | Found a glowing drain.
  6312 | Sewer    | Entered a sewer
  7363 | D:6      | Found a white marble altar of Elyvilon.
  7398 | D:7      | Found a staircase to the Ecumenical Temple.
  7398 | D:7      | Noticed a hippogriff
  7407 | D:7      | Killed a hippogriff
  7407 | D:7      | Reached XP level 9. HP: 58/81 MP: 6/8
  7422 | Temple   | Entered the Ecumenical Temple
  7481 | Temple   | Became a worshipper of Sif Muna the Loreminder
  7837 | D:7      | Reached * piety under Sif Muna
  8083 | D:7      | Found a stormy altar of Qazlal.
  8159 | D:8      | Noticed a two-headed ogre
  8182 | D:8      | Killed a two-headed ogre
  8245 | D:8      | Identified the Papyrus of Distant Worlds
  8633 | D:8      | Found an ornate altar of the Wu Jian Council.
  8634 | D:8      | Found a shattered altar of Ashenzari.
  8634 | D:8      | Found an iron altar of Okawaru.
  9145 | D:9      | Noticed Pikel
  9157 | D:9      | Killed Pikel
  9157 | D:9      | Reached XP level 10. HP: 91/91 MP: 9/9
  9158 | D:9      | Noticed a two-headed ogre
  9182 | D:9      | Killed a two-headed ogre
  9433 | D:9      | Reached ** piety under Sif Muna
  9727 | D:9      | Reached skill level 10 in Fighting
 10030 | D:9      | Found a staircase to the Orcish Mines.
 10175 | D:9      | Found a glowing golden altar of the Shining One.
 10593 | D:9      | Found Tosodi's Distillery.
 10878 | Orc:1    | Entered Level 1 of the Orcish Mines
 10947 | Orc:1    | Reached *** piety under Sif Muna
 10967 | Orc:1    | Reached skill level 10 in Unarmed Combat
 11106 | Orc:1    | Noticed an ettin
 11133 | Orc:1    | Noticed an orc high priest
 11153 | Orc:1    | Killed an orc high priest
 11160 | Orc:1    | Slain by an ettin

Levels and vault maps discovered:
D:1:      nzn_arrival_crosshair, layout_loops_corners
D:2:      layout_loops_corners, serial_rivers, chequers_serial_rivers_small_b,
          chequers_serial_rivers_large_a, chequers_serial_rivers_marsh,
          chequers_serial_rivers_small_b, serial_bayou_lagoon_b
D:3:      layout_basic, lemuel_doored_altar, uniq_jessica, uniq_ijyb
D:4:      layout_basic, nicolae_overflow_hidden_temple, first_ration
D:5:      layout_rooms, chequers_ossuary_entry_cave, vehumet_altar_wand_db
D:6:      layout_basic, kennysheep_mini_moat, dancing_weapons_uskayaw,
          gup_sewer_entry_glass
D:7:      layout_cave_pools, nicolae_qazlal_eye_of_the_storm,
          minmay_temple_entry_grid
D:8:      layout_loops_ring, chequers_temple_overflow_statue_of_worship
D:9:      layout_cave_pods, tso_metal_star, hiddenorc1_lemuel, serial_shops,
          shop, uniq_pikel
Temple:   kb_corrupted_temple
Orc:1:    layout_caves

Skill      XL: |  1  2  3  4  5  6  7  8  9 10 |
---------------+-------------------------------+-----
Dodging        | 3 4 5 6 8 9 |  9.4
Fighting       | 3 4 5 6 7 9 10 | 10.8
Unarmed Combat | 4 5 6 7 9 10 | 10.3
Throwing       | |  1.7

Action                   |  1- 3 |  4- 6 |  7- 9 | 10-12 || total
-------------------------+-------+-------+-------+-------++-------
Melee: Unarmed           |   137 |   160 |   318 |   145 ||   760
       Tailslap          |    20 |    19 |    66 |    23 ||   128
       Punch             |     1 |     4 |    13 |     8 ||    26
Throw: Throwing net      |       |     3 |       |       ||     3
 Abil: Breathe Steam     |       |       |    48 |    26 ||    74
Evoke: Wand              |       |       |     6 |     1 ||     7
  Use: Scroll            |     7 |     4 |     8 |     1 ||    20
       Potion            |     4 |       |     4 |     5 ||    13
 Stab: Sleeping          |     2 |       |       |       ||     2
  Eat: Chunk             |     5 |     3 |    16 |     7 ||    31
       Ration            |       |     1 |     1 |     1 ||     3
Armor: Skin              |    39 |    26 |    59 |    18 ||   142
Dodge: Dodged            |   104 |    86 |   241 |   124 ||   555
